 Dungeon Sprint DCSS version 0.26.1-2-gb8aa6d0cf2 (webtiles) character file.

Game seed: 5190585359391222534

16200000 Groucho the Axe Maniac (level 27, -22/273 HPs)
             Began as a Ghoul Brigand on Feb 22, 2021.
             Was the Champion of Makhleb.
             Annihilated by a destroyer
             ... wielding a +9 vorpal great sword
              (42 damage)
             ... in the Dungeon (Sprint VIII: "Arena of Blood").
             The game lasted 00:06:35 (162 turns).

Groucho the Axe Maniac (Ghoul Brigand)               Turns: 162, Time: 00:06:36

Health: -22/273    AC:  6    Str: 19    XL:     27
Magic:  48/53      EV: 35    Int:  6    God:    Makhleb [******]
Gold:   0          SH:  0    Dex: 19    Spells: 80/80 levels left

rFire    . . .     SeeInvis .   k - +∞ Axe of Woe
rCold    + . .     Faith    .   (shield currently unavailable)
rNeg     + + +     Spirit   .   b - +0 robe
rPois    ∞         Reflect  .   (no helmet)
rElec    .         Harm     .   c - +0 cloak
rCorr    .         Rampage  .   (no gloves)
Will     ++...     NoTele   +   (no boots)
Stlth    ++++++++++             (no amulet)
HPRegen  0.00/turn              l - +200 ring of slaying
MPRegen  0.33/turn              m - +100 ring of slaying

@: slowed, very slow
A: claws 1, cold resistance 1, negative energy resistance 3, inhibited
regeneration, torment resistance, unbreathing
a: Renounce Religion, Minor Destruction, Lesser Servant of Makhleb, Major
Destruction, Greater Servant of Makhleb


You were in the Dungeon.
You worshipped Makhleb.
Makhleb was exalted by your worship.
You visited 1 branch

Inventory:

Hand Weapons
 a - a +2 dagger
 k - the +∞ Axe of Woe (weapon)
   (You found it in the Dungeon)
Missiles
 d - 8 poisoned darts (quivered)
 e - 2 curare-tipped darts
Armour
 b - a +0 robe (worn)
 c - a +0 cloak (worn)
Jewellery
 h - a +200 ring of slaying
 l - a +200 ring of slaying (left claw)
 m - a +100 ring of slaying (right claw)
 n - a +100 ring of slaying
 o - a +100 ring of slaying
 p - a +100 ring of slaying
 q - a +30 ring of slaying
 r - a +30 ring of slaying
Scrolls
 j - a scroll of blinking
Potions
 f - a potion of curing
 g - a potion of heal wounds
 i - 2 potions of magic


   Skills:
 O Level 27 Fighting
 O Level 27 Short Blades
 O Level 27 Long Blades
 O Level 27 Axes
 O Level 27 Maces & Flails
 O Level 27 Polearms
 O Level 27 Staves
 O Level 27 Slings
 O Level 27 Bows
 O Level 27 Crossbows
 O Level 27 Throwing
 O Level 27 Armour
 O Level 27 Dodging
 O Level 27 Stealth
 O Level 27 Shields
 O Level 27 Unarmed Combat
 O Level 27 Spellcasting
 O Level 27 Conjurations
 O Level 27 Hexes
 O Level 27 Summonings
 O Level 27 Necromancy
 O Level 27 Translocations
 O Level 27 Transmutations
 O Level 27 Fire Magic
 O Level 27 Ice Magic
 O Level 27 Air Magic
 O Level 27 Earth Magic
 O Level 27 Poison Magic
 O Level 27 Invocations
 O Level 27 Evocations


You had 80 spell levels left.
You didn't know any spells.
Your spell library was empty.

Dungeon Overview and Level Annotations

Branches:
Dungeon (1/1)

Altars:
Makhleb

Annotations:
D The Defiler, The Meatlord


Innate Abilities, Weirdness & Mutations

You thrive by killing the living.
You are immune to poison.
You have sharp fingernails.
Your flesh is cold resistant. (rC+)
You are immune to negative energy. (rN+++)
You do not regenerate when monsters are visible.
You are immune to unholy pain and torment.
You can survive without breathing.


Message History

The blast of lightning engulfs the ball lightning.
The ball lightning completely resists.
The blast of lightning engulfs the ball lightning.
The ball lightning completely resists.
The destroyer blinks!
You hear a shout!
An eight-headed meat hydra comes into view.
You hear a shout! x2
A bag of meat comes into view. It is wielding a +9 war axe.
You hear a shout! x2
The fleshlord points at you and mumbles some strange words.
You barely resist.
The meat berserker completely misses you.
You hear a shout!
The Meatlord waves their arms in wide circles.
The air twists around and strikes you!!!!
You hear a shout!
The destroyer hits you with a +9 vorpal great sword!!!!!
Ouch! That really hurt!
* * * LOW HITPOINT WARNING * * *
You die... pD

.... o........
#... ...# S #S..
...# . .{###...
...###..
..W..o###.......
...opoV_..S.{z..
#oO@O2# .
#_)**_# .
....#.))px#....
......)_).**...
......###&..O@L
..###...
**p###o. . #...
.o*# L #... ...#
........O


You could see The Meatlord, a meat beast (fast), an eight-headed meat hydra, a
destroyer, 2 scourges, 4 fleshlords, a sculptor of flesh, a dread, 3 meat
berserkers, a small abomination, 6 bags of meat and 6 ball lightnings.

Vanquished Creatures
  5 hell knights (D)
  18 hell beasts (D)
  4 royal mummies (D)
  7 great orbs of eyes (D)
  12 wraiths (D)
  Harold (D)
  8 vampire knights (D)
  44 ogres (D)
  5 two-headed ogres (D)
  9 liches (D)
  7 hydras (D)
  58 orcs (D)
  12 phantoms (D)
  7 skeletal warriors (D)
  6 sea snakes (D)
  9 large abominations (D)
  11 small abominations (D)
  19 crawling corpses (D)
242 creatures vanquished.

Vanquished Creatures (others)
  3 ball lightnings (D)
  A crawling corpse (D)
4 creatures vanquished.

Grand Total: 246 creatures vanquished

Notes
Turn   | Place    | Note
-------+----------+-------------------------------------------
     0 | D        | Found the +∞ Axe of Woe
     0 | D        | Groucho the Ghoul Brigand began the quest for the Orb.
     0 | D        | Reached XP level 1. HP: 17/17 MP: 0/0
     2 | D        | Noticed a bag of meat
     4 | D        | Became a worshipper of Makhleb the Destroyer
     6 | D        | Noticed a bag of meat
     6 | D        | Noticed a bag of meat
     7 | D        | Noticed a meat berserker
     9 | D        | Noticed a bag of meat
    11 | D        | Killed a meat berserker
    11 | D        | Noticed a bag of meat
    12 | D        | Reached XP level 2. HP: 24/24 MP: 1/1
    12 | D        | Reached XP level 3. HP: 29/29 MP: 2/2
    12 | D        | Reached XP level 4. HP: 36/36 MP: 3/3
    12 | D        | Reached XP level 5. HP: 41/41 MP: 4/4
    12 | D        | Reached XP level 6. HP: 48/48 MP: 5/5
    12 | D        | Reached XP level 7. HP: 55/55 MP: 6/6
    12 | D        | Reached XP level 8. HP: 61/61 MP: 7/7
    12 | D        | Reached XP level 9. HP: 67/67 MP: 8/8
    12 | D        | Reached XP level 10. HP: 73/73 MP: 9/9
    12 | D        | Reached XP level 11. HP: 79/79 MP: 10/10
    12 | D        | Reached XP level 12. HP: 85/85 MP: 11/11
    12 | D        | Reached XP level 13. HP: 91/91 MP: 12/12
    12 | D        | Killed a bag of meat
    12 | D        | Reached * piety under Makhleb
    13 | D        | Reached XP level 14. HP: 99/99 MP: 13/13
    13 | D        | Noticed a bag of meat
    14 | D        | Noticed a meat berserker
    14 | D        | Noticed a bag of meat
    15 | D        | Killed a meat berserker
    16 | D        | Reached XP level 15. HP: 104/104 MP: 14/14
    17 | D        | Noticed a meat berserker
    18 | D        | Noticed a meat berserker
    18 | D        | Noticed a large bag of meat
    20 | D        | Noticed a large bag of meat
    21 | D        | Killed a meat berserker
    21 | D        | Reached ** piety under Makhleb
    22 | D        | Reached skill level 27 in Axes
    22 | D        | Reached skill level 27 in Dodging
    22 | D        | Reached XP level 16. HP: 159/159 MP: 15/15
    22 | D        | Reached XP level 17. HP: 166/166 MP: 16/16
    23 | D        | Killed a meat berserker
    23 | D        | Reached *** piety under Makhleb
    23 | D        | Noticed a large bag of meat
    24 | D        | Reached XP level 18. HP: 192/192 MP: 17/17
    26 | D        | Killed a large bag of meat
    26 | D        | Noticed a meat berserker
    27 | D        | Reached skill level 27 in Fighting
    27 | D        | Reached skill level 27 in Unarmed Combat
    28 | D        | Killed a large bag of meat
    28 | D        | Reached **** piety under Makhleb
    28 | D        | Noticed an eight-headed meat hydra
    29 | D        | Reached XP level 19. HP: 157/207 MP: 17/32
    29 | D        | Killed a large bag of meat
    29 | D        | Killed a meat berserker
    30 | D        | Reached skill level 27 in Invocations
    30 | D        | Reached skill level 10 in Short Blades
    30 | D        | Noticed a meat berserker
    32 | D        | Noticed a meat berserker
    32 | D        | Noticed a meat berserker
    33 | D        | Killed a meat berserker
    34 | D        | Reached XP level 20. HP: 125/216 MP: 18/36
    35 | D        | Noticed a destroyer
    35 | D        | Killed a nine-headed meat hydra
    35 | D        | Reached ***** piety under Makhleb
    36 | D        | Reached skill level 15 in Short Blades
    36 | D        | Reached skill level 15 in Long Blades
    36 | D        | Reached skill level 15 in Maces & Flails
    36 | D        | Reached skill level 15 in Polearms
    36 | D        | Noticed a destroyer
    37 | D        | Killed a meat berserker
    37 | D        | Noticed a meat berserker
    38 | D        | Reached XP level 21. HP: 147/224 MP: 19/37
    39 | D        | Killed a meat berserker
    40 | D        | Killed a destroyer
    40 | D        | Noticed a large bag of meat
    40 | D        | Noticed a meat berserker
    42 | D        | Reached XP level 22. HP: 216/233 MP: 19/38
    42 | D        | Reached ****** piety under Makhleb
    44 | D        | Reached XP level 23. HP: 240/240 MP: 20/39
    44 | D        | Noticed a large bag of meat
    45 | D        | Reached skill level 27 in Short Blades
    45 | D        | Reached skill level 27 in Long Blades
    45 | D        | Reached skill level 27 in Maces & Flails
    45 | D        | Reached skill level 27 in Polearms
    45 | D        | Noticed a destroyer
    46 | D        | Noticed a destroyer
    46 | D        | Noticed a tyrant
    47 | D        | Reached XP level 24. HP: 249/249 MP: 20/39
    47 | D        | Noticed a destroyer
    48 | D        | Reached skill level 27 in Staves
    48 | D        | Killed a destroyer
    49 | D        | Reached skill level 15 in Slings
    49 | D        | Reached skill level 15 in Bows
    49 | D        | Reached skill level 15 in Crossbows
    49 | D        | Reached skill level 15 in Throwing
    49 | D        | Reached XP level 25. HP: 257/257 MP: 21/39
    51 | D        | Killed a large bag of meat
    51 | D        | Killed a destroyer
    51 | D        | Noticed The Servant
    53 | D        | Reached XP level 26. HP: 266/266 MP: 21/39
    55 | D        | Killed a tyrant
    55 | D        | Killed a destroyer
    55 | D        | Killed a large bag of meat
    56 | D        | Reached skill level 27 in Slings
    56 | D        | Reached skill level 27 in Bows
    56 | D        | Reached skill level 27 in Crossbows
    56 | D        | Reached skill level 27 in Throwing
    56 | D        | Reached XP level 27. HP: 233/273 MP: 22/39
    56 | D        | Noticed a tyrant
    58 | D        | Killed a destroyer
    58 | D        | Noticed a tyrant
    59 | D        | Noticed an accursed
    60 | D        | Noticed a dread
    60 | D        | Killed The Servant
    61 | D        | Reached skill level 27 in Armour
    61 | D        | Reached skill level 27 in Spellcasting
    61 | D        | Reached skill level 27 in Evocations
    61 | D        | Reached skill level 5 in Necromancy
    62 | D        | Reached skill level 15 in Necromancy
    63 | D        | Reached skill level 15 in Summonings
    63 | D        | Noticed a meat beast
    64 | D        | Noticed a meat beast
    64 | D        | Noticed a dread
    64 | D        | Noticed a meat beast
    65 | D        | Killed a tyrant
    65 | D        | Killed a dread
    65 | D        | Noticed a destroyer
    67 | D        | Noticed a meat beast
    67 | D        | Noticed an accursed
    68 | D        | Killed a meat beast
    68 | D        | Killed a dread
    68 | D        | Noticed a meat beast
    69 | D        | Reached skill level 27 in Conjurations
    69 | D        | Reached skill level 27 in Hexes
    69 | D        | Reached skill level 27 in Summonings
    69 | D        | Reached skill level 27 in Necromancy
    69 | D        | Killed a meat beast
    71 | D        | Reached skill level 27 in Ice Magic
    71 | D        | Noticed a meat beast
    71 | D        | Killed a meat beast
    71 | D        | Killed a meat beast
    71 | D        | Killed a tyrant
    72 | D        | Reached skill level 27 in Translocations
    72 | D        | Reached skill level 27 in Transmutations
    72 | D        | Reached skill level 27 in Fire Magic
    72 | D        | Killed a meat beast
    73 | D        | Reached skill level 27 in Shields
    73 | D        | Reached skill level 27 in Air Magic
    73 | D        | Reached skill level 27 in Earth Magic
    73 | D        | Reached skill level 27 in Poison Magic
    73 | D        | Killed an accursed
    74 | D        | Reached skill level 27 in Stealth
    74 | D        | Killed an accursed
    77 | D        | Killed a meat beast
    79 | D        | Killed a destroyer
    90 | D        | Noticed a dread
    92 | D        | Noticed a meat beast
    94 | D        | Noticed a tyrant
    96 | D        | Noticed a tyrant
    97 | D        | Noticed a meat beast
    98 | D        | Noticed a meat beast
    99 | D        | Noticed a meat beast
    99 | D        | Noticed a meat beast
   100 | D        | Killed a dread
   103 | D        | Killed a meat beast
   103 | D        | Killed a tyrant
   103 | D        | Noticed a tyrant
   103 | D        | Noticed an accursed
   104 | D        | Noticed a tyrant
   105 | D        | Noticed a dread
   105 | D        | Killed a tyrant
   105 | D        | Killed a meat beast
   107 | D        | Killed a meat beast
   107 | D        | Killed a meat beast
   108 | D        | Killed a tyrant
   110 | D        | Killed an accursed
   112 | D        | Noticed a large bag of meat
   113 | D        | Killed a tyrant
   115 | D        | Noticed a dread
   117 | D        | Noticed an accursed
   119 | D        | Noticed a fleshlord
   120 | D        | Killed a dread
   121 | D        | Noticed a destroyer
   123 | D        | Killed a destroyer
   123 | D        | Noticed a fleshlord
   124 | D        | Noticed a meat beast
   126 | D        | Noticed a fleshlord
   126 | D        | Killed a fleshlord
   126 | D        | Noticed a meat beast
   128 | D        | Noticed a meat beast
   128 | D        | Noticed a meat beast
   128 | D        | Noticed a dread
   129 | D        | Killed a dread
   129 | D        | Killed a fleshlord
   133 | D        | Noticed a dread
   133 | D        | Killed a meat beast
   134 | D        | Killed a meat beast
   136 | D        | Noticed a meat beast
   136 | D        | Killed a meat beast
   137 | D        | Killed a fleshlord
   138 | D        | Noticed a destroyer
   139 | D        | Noticed a dread
   139 | D        | Noticed a meat beast
   140 | D        | Noticed a fleshlord
   141 | D        | Killed an accursed
   141 | D        | Killed a dread
   141 | D        | Killed a destroyer
   141 | D        | Killed a meat beast
   141 | D        | Noticed a tyrant
   143 | D        | Killed a meat beast
   143 | D        | Killed a meat beast
   143 | D        | Killed a dread
   143 | D        | Noticed a dread
   143 | D        | Noticed a tyrant
   146 | D        | Killed a fleshlord
   146 | D        | Noticed a meat beast
   148 | D        | Killed a dread
   149 | D        | Noticed a dread
   150 | D        | Killed a meat beast
   150 | D        | Noticed a tyrant
   151 | D        | Killed a dread
   153 | D        | Noticed a fleshlord
   153 | D        | Noticed a dread
   154 | D        | Noticed a fleshlord
   154 | D        | Noticed The Meatlord
   155 | D        | Noticed a fleshlord
   156 | D        | Killed a dread
   156 | D        | Noticed a dread
   157 | D        | Noticed a fleshlord
   157 | D        | Killed a dread
   157 | D        | Noticed a meat beast
   157 | D        | Noticed The Defiler
   157 | D        | Noticed a fleshlord
   158 | D        | Killed a tyrant
   159 | D        | Killed a tyrant
   159 | D        | Killed a fleshlord
   159 | D        | Noticed a dread
   160 | D        | Noticed a meat beast
   160 | D        | Noticed a fleshlord
   161 | D        | Noticed a destroyer
   161 | D        | Killed a meat beast
   162 | D        | Noticed a fleshlord
   162 | D        | Killed a dread
   162 | D        | Annihilated by a destroyer

Illustrated notes

Levels and vault maps discovered:
D:        meatsprint

Skill      XL: |  1  2  3  4  5  6  7  8  9 10 11 12 13 14 15 16 17 18 19 20 21 22 23 24 25 26 27 |
---------------+----------------------------------------------------------------------------------+-----
Axes           | 20 22 24 27 | 27.0
Dodging        | 20 22 24 27 | 27.0
Fighting       | 18 24 27 | 27.0
Unarmed Combat | 18 24 27 | 27.0
Invocations    | 21 27 | 27.0
Short Blades   | 13 18 23 26 27 | 27.0
Long Blades    | 13 17 23 26 27 | 27.0
Maces & Flails | 13 17 22 26 27 | 27.0
Polearms       | 13 17 22 26 27 | 27.0
Staves         | 22 27 | 27.0
Slings         | 15 23 27 | 27.0
Bows           | 15 23 27 | 27.0
Crossbows      | 15 23 27 | 27.0
Throwing       | 15 24 27 | 27.0
Armour         | 14 27 | 27.0
Spellcasting   | 13 27 | 27.0
Evocations     | 14 27 | 27.0
Conjurations   | 27 | 27.0
Hexes          | 27 | 27.0
Summonings     | 27 | 27.0
Necromancy     | 27 | 27.0
Translocations | 27 | 27.0
Transmutations | 27 | 27.0
Fire Magic     | 27 | 27.0
Ice Magic      | 27 | 27.0
Shields        | 27 | 27.0
Air Magic      | 27 | 27.0
Earth Magic    | 27 | 27.0
Poison Magic   | 27 | 27.0
Stealth        | 27 | 27.0

Action                   |  1- 3 |  4- 6 |  7- 9 | 10-12 | 13-15 | 16-18 | 19-21 | 22-24 | 25-27 || total
-------------------------+-------+-------+-------+-------+-------+-------+-------+-------+-------++-------
Melee: Executioner's axe |     1 |       |       |       |     4 |     3 |     7 |     7 |    89 ||   111
  Use: Potion            |       |       |       |       |       |       |       |       |     1 ||     1
Armor: Robe              |       |       |       |       |       |       |       |       |     7 ||     7
Dodge: Dodged            |       |       |       |       |       |       |       |       |    20 ||    20
